 Dungeon Crawl Stone Soup version 0.28.0-53-g5a82cb258f (webtiles) character file.

Game seed: 12585889574088369909

10662 Zeld the Thaumaturge (level 11, 0/103 HPs)
             Began as a Gargoyle Conjurer on June 1, 2022.
             Was an Initiate of Gozag.
             Killed from afar by Frances (36 damage)
             ... with a shard of ice
             ... on level 12 of the Dungeon.
             The game lasted 00:22:10 (17921 turns).

Zeld the Thaumaturge (Gargoyle Conjurer)           Turns: 17921, Time: 00:22:10

Health: 0/103      AC: 20    Str: 10    XL:     11   Next: 65%
Magic:  3/35       EV: 11    Int: 24    God:    Gozag
Gold:   188        SH:  3    Dex:  8    Spells: 22/33 levels left

rFire   . . .      SeeInvis .   a - +6 flail (venom)
rCold   . . .      Faith    .   r - +1 buckler {AC+3}
rNeg    + . .      Spirit   .   g - +0 acid dragon scales
rPois   ∞          Reflect  .   m - +0 helmet
rElec   +          Harm     .   u - +0 cloak
rCorr   +          Rampage  .   q - +0 pair of gloves
Will    .....                   (no boots)
Stlth   ..........              p - amulet of regeneration
HPRegen 1.07/turn               c - ring of wizardry
MPRegen 0.24/turn               o - ring of magical power

@: berserking, very slightly contaminated, very quick
A: sickness immunity, AC +8, negative energy resistance 1, electricity
resistance, torment resistance 1, petrification resistance
a: Renounce Religion, Potion Petition, Call Merchant, Bribe Branch


You were on level 12 of the Dungeon.
You worshipped Gozag.
Gozag was aware of your devotion.
You visited 2 branches of the dungeon, and saw 14 of its levels.
You also visited: Ossuary.

You collected 2156 gold pieces.
You spent 1186 gold pieces at shops.
You paid 782 gold pieces to Gozag.

Inventory:

Hand Weapons
 a - a +6 flail of venom (weapon)
Missiles
 y - 88 arrows
Armour
 g - +0 acid dragon scales (worn)
 m - a +0 helmet (worn)
 q - a +0 pair of gloves (worn)
 r - a +1 buckler of protection (worn)
 u - a +0 cloak (worn)
Jewellery
 c - a ring of wizardry (left hand)
 f - a ring of ice
 h - a ring of fire
 o - a ring of magical power (right hand)
 p - an amulet of regeneration (around neck)
Wands
 d - a wand of digging (5)
 v - a wand of flame (33)
 E - a wand of charming (6)
 F - a wand of paralysis (1)
 I - a wand of iceblast (4)
 J - a wand of acid (3)
Scrolls
 l - 6 scrolls of teleportation
 t - 2 scrolls of magic mapping
 B - 5 scrolls of fear
 L - a scroll of blinking
Potions
 b - a potion of ambrosia
 e - 6 potions of might
 j - a potion of berserk rage
 k - a potion of cancellation
 n - 14 potions of curing
 s - 2 potions of haste
 w - 2 potions of flight
 z - a potion of resistance
 A - 4 potions of attraction {unknown}
 C - 5 potions of invisibility
 D - a potion of brilliance {unknown}
 G - a potion of mutation
 H - a potion of magic
Miscellaneous
 K - a condenser vane


   Skills:
 * Level 8.9 Fighting
 + Level 5.2 Maces & Flails
 - Level 4.0 Dodging
 - Level 4.0 Stealth
 * Level 11.5 Spellcasting
 - Level 8.0 Conjurations
 - Level 2.0 Hexes
 - Level 2.0 Translocations
 * Level 1.4 Evocations


You had 22 spell levels left.
You knew the following spells:

 Your Spells              Type           Power      Damage    Failure   Level
a - Magic Dart            Conj           100%       1d8       1%          1
b - Searing Ray           Conj           100%       2d8       1%          2
c - Fulminant Prism       Conj/Hex       18%        3d11      5%          4
d - Iskenderun's Mystic   Conj/Tloc      37%        2d9       5%          4

Your spell library contained the following spells:

 Spells                   Type           Power      Damage    Failure   Level
 Slow                     Hex            92%        N/A       1%          1
 Static Discharge         Conj/Air       33%        N/A       1%          2
 Dazzling Flash           Conj/Hex       74%        N/A       1%          3
 Stone Arrow              Conj/Erth      66%        3d11      2%          3
 Freeze                   Ice            52%        1d7       4%          1
 Sandblast                Erth           26%        2d8       4%          1
 Summon Small Mammal      Summ           52%        N/A       4%          1
 Confusing Touch          Hex            23%        N/A       5%          3
 Corpse Rot               Necr/Air       26%        N/A       6%          2
 Passwall                 Tmut/Erth      10%        N/A       6%          2
 Poisonous Vapours        Pois/Air       26%        N/A       6%          2
 Hailstorm                Conj/Ice       33%        3d8       8%          4
 Sticky Flame             Conj/Fire      33%        2d5       8%          4
 Summon Guardian Golem    Hex/Summ       18%        N/A       9%          3
 Call Canine Familiar     Summ           13%        N/A       12%         3
 Frozen Ramparts          Ice            26%        1d4       12%         3
 Vampiric Draining        Necr           13%        2d6       12%         3
 Dispel Undead            Necr           13%        3d9       36%         4
 Lee's Rapid Deconstruct  Erth           6%         3d7*      69%         5


Dungeon Overview and Level Annotations

Branches:
Dungeon (13/15)            Temple (1/1) D:5            Lair (0/6) D:10
    Orc (0/2) D:12        Ossuary (visited)
 Vaults: D:13-14

Altars:
Ashenzari
Cheibriados
Dithmenos
Elyvilon
Fedhas
Gozag
Hepliaklqana
Kikubaaqudgha
Makhleb
Nemelex Xobeh
Okawaru
Qazlal
Ru
Sif Muna
Trog
Uskayaw
Vehumet
Wu Jian
Xom
Yredelemnul
Zin
The Shining One

Shops:
D:7 !   D:10 ?

Annotations:
D:12 exclusion: 2 doors, Frances, Rupert


Innate Abilities, Weirdness & Mutations

You are immune to sickness and miasma.
Your stone body is resilient. (AC +8)
You are immune to poison.
You resist negative energy. (rN+)
You are resistant to electric shocks. (rElec)
You are resistant to unholy torment.
You are immune to petrification.


Message History

Casting: Iskenderun's Mystic Blast (dangerous; 5% risk of failure)
Confirm with . or Enter, or press ? or * to list all spells.
You don't have enough magic to cast this spell.
Unknown command.
Frances hits you but does no damage.
Okay, then.
Okay, then.
Press: ? - help, v - describe, . - travel
Here: Frances, wielding a +2 mace of protection and wearing a +0 leather armour (moderately wounded, fast)
The floor.
Unknown command.
A red film seems to cover your vision as you go berserk!
You feel yourself moving faster!
You feel mighty! Frances hits you but does no damage.
Unknown command.
You barely miss Frances.
Frances is moderately wounded.
Frances hits you with a +2 mace of protection!
Frances closely misses you.
You barely miss Frances.
Frances is moderately wounded.
Frances hits you with a +2 mace of protection!!
You sock Frances!
Frances is poisoned.
Frances is heavily wounded.
Frances hits you with a +2 mace of protection!!
You hit Frances.
Frances looks as sick as possible!
Frances is heavily wounded.
Frances screams a word of power!
You hit Frances.
Frances looks as sick as possible!
Frances is heavily wounded.
Frances hits you but does no damage. Frances closely misses you.
You thump Frances!
Frances is severely wounded.
Frances hits you with a +2 mace of protection!
You barely miss Frances.
Frances is severely wounded.
Frances mutters in a terrible tongue.
The shard of ice hits you!!!
You die...
Your body crumbles into a pile of gold.

##.#.8.
#.8.#..........#......
##.#..)##
##...#..........#.###..
#.#
#)###'#.##..........#.#
#.. #.#
##..)##.##..........#.#
#.. #)#
#.>)##.##..........'.# ##.
#)#
##..)##.##..........### #.
#)####'###)#.####'########
#) #)#...## ##[..#.....#
#+ #)))8.# #.84@@###..#
###)..# #...### #..# #####
##.## #'# #.# ..# #.# .#
.. ' ##


You could see Frances (fast, extremely poisoned) and a hellwing (summoned).

Vanquished Creatures
  Harold (D:9)
  A hydra (D:11)
  A two-headed ogre (D:10)
  A gargoyle (D:12)
  Maggie (D:6)
  A yaktaur (D:11)
  A komodo dragon (D:10)
  A troll (D:10)
  A hornet (D:9)
  10 yaks
  Eustachio (D:6)
  A shadow (D:11)
  3 wyverns
  A steam dragon (D:5)
  2 acid dragons
  2 water moccasins
  A black bear (D:10)
  4 orc warriors
  A sky beast (D:8)
  An ice beast (D:6)
  3 ogres
  A phantom (D:6)
  Blork the orc (D:6)
  8 bullfrogs
  A gnoll sergeant (D:9)
  3 scorpions
  8 wights
  2 howler monkeys (D:11)
  4 centaur zombies
  4 hounds
  4 jellies
  A centaur skeleton (D:6)
  11 orc priests
  6 iguanas
  11 orc wizards
  A hound skeleton (D:5)
  3 mummies (Ossuary)
  A howler monkey zombie (D:8)
  5 adders
  11 gnolls
  A howler monkey skeleton (D:6)
  2 shadow imps
  2 white imps (D:6)
  2 adder zombies (Ossuary)
  2 worms
  3 dart slugs
  53 orcs
  6 bats
  16 endoplasms
  A giant cockroach (D:4)
  6 goblins
  6 hobgoblins
  14 kobolds
  5 quokkas
  5 ball pythons
  4 frilled lizards
  3 goblin zombies (Ossuary)
  3 hobgoblin zombies (Ossuary)
  A kobold zombie (Ossuary)
  2 orc zombies (Ossuary)
  4 quokka zombies (Ossuary)
  6 rats
  3 rat zombies (Ossuary)
275 creatures vanquished.

Vanquished Creatures (collateral kills)
  A boulder beetle (D:9)
1 creature vanquished.

Vanquished Creatures (others)
  14 fulminant prisms
  29 fungi
  42 plants (D:10)
  7 toadstools (D:3)
92 creatures vanquished.

Grand Total: 368 creatures vanquished

Notes
Turn   | Place    | Note
-------+----------+-------------------------------------------
     0 | D:1      | Zeld the Gargoyle Conjurer began the quest for the Orb.
     0 | D:1      | Reached XP level 1. HP: 10/10 MP: 3/3
   346 | D:1      | Reached XP level 2. HP: 15/15 MP: 3/5
   381 | D:1      | Learned a level 2 spell: Searing Ray
  1225 | D:1      | Reached XP level 3. HP: 19/19 MP: 4/7
  2323 | D:2      | Found a faded altar of an unknown god.
  2369 | D:2      | Reached skill level 3 in Spellcasting
  2426 | D:2      | Found a glowing silver altar of Zin.
  2501 | D:3      | Reached XP level 4. HP: 19/24 MP: 2/8
  2990 | D:3      | Reached skill level 5 in Conjurations
  3539 | D:3      | Reached XP level 5. HP: 25/28 MP: 6/10
  3998 | D:3      | Reached skill level 4 in Spellcasting
  4381 | D:4      | Noticed an ogre
  4489 | D:4      | Learned a level 4 spell: Fulminant Prism
  4494 | D:4      | Learned a level 4 spell: Iskenderun's Mystic Blast
  4629 | D:4      | Reached XP level 6. HP: 32/32 MP: 7/12
  5125 | D:4      | Reached skill level 1 in Hexes
  5125 | D:4      | Reached skill level 1 in Translocations
  5494 | D:4      | Reached skill level 5 in Spellcasting
  5494 | D:4      | Reached XP level 7. HP: 36/36 MP: 12/14
  6089 | D:5      | Entered Level 5 of the Dungeon
  6306 | D:5      | Found a staircase to the Ecumenical Temple.
  6323 | Temple   | Entered the Ecumenical Temple
  6361 | Temple   | Became a worshipper of Gozag Ym Sagoz the Greedy
  6607 | D:5      | Noticed a steam dragon
  6649 | D:5      | Killed a steam dragon
  6893 | D:5      | Reached skill level 6 in Spellcasting
  6893 | D:5      | Reached XP level 8. HP: 41/41 MP: 8/17
  7699 | D:6      | Found a sand-covered staircase.
  7705 | Ossuary  | Entered an ossuary
  8564 | D:6      | Reached skill level 7 in Spellcasting
  8818 | D:6      | Noticed Blork the orc
  8826 | D:6      | Killed Blork the orc
  9284 | D:6      | Noticed Eustachio
  9293 | D:6      | Reached XP level 9. HP: 26/45 MP: 17/20
  9297 | D:6      | Killed Eustachio
  9298 | D:6      | Reached skill level 8 in Spellcasting
  9481 | D:6      | Noticed Maggie
  9499 | D:6      | Killed Maggie
  9809 | D:7      | Reached skill level 1 in Fighting
  9832 | D:6      | Reached skill level 9 in Spellcasting
 10794 | D:7      | Reached skill level 1 in Maces & Flails
 10799 | D:7      | Bought a potion of curing for 39 gold pieces
 10799 | D:7      | Bought a potion of flight for 39 gold pieces
 10799 | D:7      | Bought a potion of curing for 39 gold pieces
 11053 | D:7      | Learned a level 1 spell: Sandblast
 11072 | D:7      | Learned a level 2 spell: Passwall
 12258 | D:9      | Noticed a hornet
 12267 | D:9      | Killed a hornet
 12288 | D:8      | Reached XP level 10. HP: 57/57 MP: 5/23
 12757 | D:9      | Reached skill level 5 in Fighting
 12968 | D:9      | Noticed Harold
 12981 | D:9      | Paralysed by Harold for 3 turns
 12988 | D:9      | Killed Harold
 12989 | D:9      | Reached skill level 10 in Spellcasting
 13478 | D:9      | Noticed a boulder beetle
 13886 | D:10     | Entered Level 10 of the Dungeon
 13917 | D:10     | Noticed a two-headed ogre
 13932 | D:10     | Killed a two-headed ogre
 14239 | D:10     | Reached XP level 11. HP: 60/67 MP: 7/25
 14388 | D:10     | Found a staircase to the Lair.
 14783 | D:10     | Found Micom's Magic Scroll Boutique.
 14789 | D:10     | Bought a scroll of amnesia for 49 gold pieces
 14789 | D:10     | Bought a scroll of blinking for 105 gold pieces
 14789 | D:10     | Bought a scroll of summoning for 133 gold pieces
 14789 | D:10     | Bought a scroll of fear for 49 gold pieces
 14789 | D:10     | Bought a scroll of identify for 28 gold pieces
 14789 | D:10     | Bought a scroll of fear for 49 gold pieces
 14789 | D:10     | Bought 3 scrolls of identify for 84 gold pieces
 14859 | D:10     | Reached skill level 11 in Spellcasting
 15000 | D:10     | You fall into a shaft and drop 3 floors!
 15012 | D:13     | Noticed a centaur warrior
 15174 | D:12     | Noticed Frances
 15182 | D:12     | Noticed a sun demon
 15412 | D:12     | Noticed Rupert
 15563 | D:12     | Found a staircase to the Orcish Mines.
 15847 | D:12     | Noticed a cyclops
 16323 | D:10     | Found a hazy altar of Hepliaklqana.
 16430 | D:9      | Killed a boulder beetle
 16431 | D:9      | Reached skill level 5 in Maces & Flails
 16695 | D:7      | Bought a potion of invisibility for 104 gold pieces
 16695 | D:7      | Bought a potion of cancellation for 104 gold pieces
 16695 | D:7      | Bought a potion of mutation for 104 gold pieces
 16695 | D:7      | Bought a potion of invisibility for 104 gold pieces
 16695 | D:7      | Bought a potion of magic for 104 gold pieces
 16695 | D:7      | Bought a potion of might for 52 gold pieces
 17172 | D:11     | Noticed a four-headed hydra
 17182 | D:11     | Killed a four-headed hydra
 17183 | D:11     | Reached skill level 1 in Evocations
 17502 | D:12     | Noticed a boulder beetle
 17908 | D:12     | Noticed a sixfirhy
 17921 | D:12     | Killed from afar by Frances

Illustrated notes

Levels and vault maps discovered:
D:1:      tarquinn_simple_flora_water_e, layout_loops_corners
D:2:      minmay_wonky_spiral, layout_loops_ring,
          hellmonk_ecumenical_altar_slurped_away, basic_altar
D:3:      cheibrodos_fertilizer, layout_basic
D:4:      layout_loops_corners, kennysheep_generic_room_7
D:5:      layout_gridville, minmay_temple_entry_trees
D:6:      layout_cave_pods, enter_ossuary_5, uniq_maggie, uniq_eustachio,
          uniq_blork_the_orc
D:7:      layout_cave_pools
D:8:      layout_basic
D:9:      layout_big_octagon, uniq_harold
D:10:     layout_loops_cross, worldfamousw_hep_ancestral_shrine,
          due_lair_maze_entry_diamond, serial_shops, shop
D:11:     layout_basic
D:12:     layout_roguey, hiddenorc2_lemuel, uniq_rupert, uniq_frances
D:13:     layout_cave_pools, kennysheep_generic_room_4, uniq_kirke, uniq_erolcha
Temple:   compressed_dpeg_triangle_lava_temple

Skill      XL: |  1  2  3  4  5  6  7  8  9 10 11 |
---------------+----------------------------------+-----
Spellcasting   | 3 4 5 6 7 9 10 11 | 11.5
Stealth        | 3 4 |  4.0
Conjurations   | 5 6 7 8 |  8.0
Hexes          | 1 2 |  2.0
Translocations | 1 2 |  2.0
Fighting       | 4 7 8 |  8.9
Dodging        | 2 4 |  4.0
Maces & Flails | 1 4 5 |  5.2
Evocations     | 1 |  1.4

Action                   |  1- 3 |  4- 6 |  7- 9 | 10-12 || total
-------------------------+-------+-------+-------+-------++-------
Melee: Unarmed           |    17 |       |       |       ||    17
       Short sword       |    33 |    83 |   154 |       ||   270
       Punch             |       |       |     4 |       ||     4
       Flail             |       |       |    31 |   116 ||   147
 Cast: Magic Dart        |    19 |       |       |     3 ||    22
       Searing Ray       |    19 |    23 |     9 |     5 ||    56
       Iskenderun's Myst |       |     1 |    92 |   142 ||   235
       Fulminant Prism   |       |       |     3 |    11 ||    14
Invok: Call Merchant     |       |       |     1 |       ||     1
  Use: Scroll            |       |       |     6 |    17 ||    23
       Potion            |       |       |       |     2 ||     2
 Stab: Sleeping          |     1 |     3 |     1 |     1 ||     6
       Distracted        |       |       |       |     1 ||     1
Armor: Robe              |    15 |    19 |    81 |       ||   115
       Acid dragon scale |       |       |    42 |    88 ||   130
Dodge: Dodged            |    37 |    61 |   176 |    93 ||   367
Block: Buckler           |       |       |       |    17 ||    17
